Map: Ice and Chrome LE

Players

RyuKey - Winner!

  • Race: Terran Terran
  • League: Diamond
  • Spawn Location: 7:00

MannY

  • Race: Protoss Protoss
  • League: Diamond
  • Spawn Location: 1:00

VOD

Have the link to the VOD?

Description

Time

  • Played on: June 13, 2020, 5:24 a.m.
  • Length: 10:11
Show
View Real Time Build Order
Export as new Build Order

RyuKey Terran - Winner!

Build Orders:  

Get SALT Encoding   

  12  0:00  SCV  
  13  0:13  SCV  
  14  0:17  Supply Depot  
  14  0:25  SCV  
  15  0:38  SCV  
  15  0:39  Barracks  
  16  0:50  Refinery, SCV  
  17  1:02  SCV  
  18  1:15  SCV  
  19  1:27  Orbital Command  
  20  1:32  Reaper  
  20  1:41  Command Center  
  20  1:52  Supply Depot  
  20  1:53  SCV  
  21  2:04  Refinery, Marine  
  22  2:09  SCV  
  23  2:21  SCV  
  24  2:24  Barracks Reactor  
  24  2:33  Factory, SCV  
  25  2:44  Bunker  
  25  2:45  SCV  
  26  2:57  Orbital Command  
  26  2:58  SCV  
  26  3:05  Marine  
  26  3:06  Marine  
  26  3:10  SCV  
  29  3:19  Starport  
  31  3:20  Widow Mine  
  31  3:22  SCV  
  31  3:23  SCV, Supply Depot  
  33  3:28  Marine  
  33  3:29  Marine  
  35  3:34  SCV  
  35  3:35  SCV  
  35  3:46  SCV  
  36  3:50  SCV  
  36  3:51  Supply Depot  
  37  3:58  SCV  
  37  4:02  SCV  
  41  4:04  Starport Reactor  
  41  4:05  Factory Tech Lab  
  41  4:06  Marine x2  
  41  4:10  SCV  
  41  4:12  Barracks  
  41  4:14  Barracks, SCV  
  41  4:16  Supply Depot  
  43  4:22  SCV  
  43  4:24  Marine x2  
  45  4:25  Engineering Bay  
  45  4:26  SCV  
  47  4:34  SCV  
  47  4:35  Siege Tank  
  51  4:38  SCV  
  51  4:40  Supply Depot  
  51  4:41  Marine  
  51  4:43  Medivac x2  
  57  4:46  SCV  
  57  4:51  SCV  
  59  4:57  Marine, Missile Turret  
  59  4:58  SCV  
  59  4:59  Marine  
  62  5:00  Missile Turret  
  62  5:02  Barracks Tech Lab x2  
  62  5:03  SCV  
  62  5:05  Supply Depot  
  63  5:11  SCV  
  63  5:13  Terran Infantry Weapons Level 1  
  64  5:15  Marine, SCV  
  64  5:17  Marine  
  72  5:23  SCV  
  72  5:24  Combat Shield, Stimpack  
  72  5:26  Marauder x2  
  72  5:28  SCV  
  73  5:33  Marine  
  73  5:35  SCV  
  75  5:40  SCV  
  76  5:56  Supply Depot  
  76  6:03  Engineering Bay  
  76  6:04  SCV x2, Command Center  
  76  6:05  Marine x2, Marauder x2  
  76  6:06  Armory  
  84  6:16  SCV  
  84  6:17  SCV  
  86  6:19  Siege Tank  
  86  6:21  Refinery  
  86  6:22  Refinery  
  86  6:23  Marine x2  
  91  6:26  Marauder, Supply Depot  
  91  6:28  SCV  
  91  6:32  Supply Depot  
  94  6:33  Supply Depot  
  94  6:48  Medivac, Marine x2, Marauder, SCV x2  
  94  6:51  Terran Infantry Armor Level 1  
  94  6:52  Marine  
  102  7:00  SCV  
  103  7:02  Siege Tank  
  103  7:04  SCV  
  103  7:05  Marine x2  
  109  7:08  Barracks, Supply Depot  
  109  7:09  Barracks  
  109  7:14  SCV  
  109  7:15  Marine x2  
  112  7:16  SCV  
  112  7:21  Orbital Command  
  113  7:23  Marine x2  
  115  7:31  SCV x2  
  115  7:32  Marine  
  115  7:33  Marine  
  115  7:35  Missile Turret  
  119  7:39  Terran Infantry Weapons Level 2  
  119  7:41  Marine  
  119  7:43  SCV  
  121  7:51  Marauder  
  121  7:52  Marine x2  
  121  7:54  Starport  
  121  7:55  Supply Depot  
  125  7:59  Marauder  
Show
View Real Time Build Order
Export as new Build Order

MannY Protoss 

Build Orders: 1 Gate Expand, Blink Stalkers, Colossus Rush 

Get SALT Encoding   

  12  0:00  Probe  
  13  0:13  Probe  
  14  0:18  Pylon  
  14  0:26  Probe  
  15  0:36  Probe  
  15  0:41  Gateway  
  16  0:44  Assimilator, Probe  
  17  0:52  Probe  
  18  1:01  Probe  
  18  1:09  Probe  
  20  1:25  Nexus  
  20  1:33  Probe  
  21  1:40  Cybernetics Core  
  21  1:43  Assimilator  
  21  1:54  Pylon  
  21  2:03  Probe  
  21  2:07  Adept  
  22  2:15  Probe  
  22  2:18  Warp Gate  
  24  2:27  Probe, Twilight Council  
  25  2:36  Stalker  
  25  2:39  Probe  
  28  2:51  Probe  
  28  2:58  Probe  
  29  3:02  Robotics Facility  
  29  3:03  Probe  
  31  3:06  Probe  
  31  3:12  Probe  
  32  3:14  Probe  
  32  3:16  Blink  
  34  3:20  Probe  
  34  3:26  Probe  
  36  3:28  Stalker  
  36  3:56  Probe x2  
  36  3:58  Stalker  
  40  4:05  Probe  
  40  4:08  Probe  
  42  4:12  Pylon  
  42  4:13  Pylon  
  42  4:14  Gateway  
  42  4:15  Gateway  
  42  4:16  Probe  
  43  4:17  Observer, Gateway  
  43  4:20  Probe  
  43  4:23  Pylon  
  43  4:24  Probe  
  45  4:30  Stalker  
  48  4:32  Probe  
  48  4:35  Assimilator  
  48  4:37  Assimilator  
  48  4:38  Pylon, Observer  
  50  4:40  Robotics Bay  
  50  4:50  Probe x2  
  52  5:02  Probe  
  52  5:03  Probe  
  54  5:07  Charge  
  54  5:13  Stalker x2, Nexus  
  58  5:20  Probe x2  
  60  5:26  Pylon  
  60  5:29  Stalker  
  60  5:32  Probe x2  
  64  5:35  Stalker  
  64  5:39  Colossus  
  66  5:44  Probe  
  66  5:49  Shield Battery  
  73  5:51  Extended Thermal Lance, Shield Battery  
  73  6:05  Zealot x3  
  79  6:11  Forge  
  79  6:18  Stalker  
  79  6:23  Probe  
  82  6:28  Templar Archives  
  82  6:29  Probe  
  82  6:30  Probe  
  83  6:35  Probe  
  83  6:37  Probe  
  83  6:38  Protoss Ground Weapons Level 1  
  83  6:39  Probe  
  85  6:41  Gateway  
  85  6:42  Gateway  
  85  6:45  Probe  
  87  6:47  Probe, Gateway  
  87  6:48  Probe  
  90  6:59  Sentry  
  90  7:00  Sentry x3  
  98  7:07  Probe, Gateway  
  98  7:18  Probe  
  99  7:23  Gateway  
  99  7:24  Gateway  
  99  7:25  Gateway  
  99  7:28  Assimilator  
  99  7:31  Pylon  
  99  7:35  Shield Battery  
  99  7:41  Zealot, Gateway  
  101  7:45  Assimilator  
  101  7:47  Colossus  
  101  7:48  Pylon x2  
  101  7:49  Probe  
  108  7:51  Probe  
  109  7:58  Pylon  
Tags
 
Add a new tag
Caveats
  • Supply blocks, unpowered buildings, or Contaminate may cause inaccurate times.
  • Supply counts are checked every 10 seconds.